 Dungeon Crawl Stone Soup version 0.19-a0-1193-g2641e52 (webtiles) character file.

24 jacquesderrida the Shooter (level 3, 20/20 HPs)
             Began as a Vine Stalker Wanderer on Aug 19, 2016.
             Was a Follower of the Shining One.
             Quit the game on level 2 of the Dungeon.
             The game lasted 00:01:45 (326 turns).

jacquesderrida the Shooter (Vine Stalker Wanderer)   Turns: 326, Time: 00:01:45

Health: 20/20      AC:  5    Str: 14    XL:     3   Next: 2%
Magic:  4/4        EV: 10    Int: 12    God:    the Shining One [*.....]
Gold:   7          SH:  0    Dex: 14    Spells: 0 memorised, 2 levels left

rFire  . . .     SeeInvis .     a - +2 shortbow
rCold  . . .     Gourm    .     c - +0 ring mail
rNeg   . . .     Faith    .     (shield currently unavailable)
rPois  .         Spirit   +     (no helmet)
rElec  .         Dismiss  .     (no cloak)
rCorr  .         Reflect  .     (no gloves)
MR     .....     Harm     .     (no boots)
Stlth  +.........               (no amulet)
                                (no ring)
                                (no ring)

@: glowing
A: fangs 2, regeneration 1, magic shield, antimagic bite, no device heal 3, rot
immunity
a: Renounce Religion


You were on level 2 of the Dungeon.
You worshipped the Shining One.
The Shining One was aware of your devotion.
You were not hungry.

You visited 1 branch of the dungeon, and saw 3 of its levels.

You collected 7 gold pieces.

Inventory:

Hand Weapons
 a - a +2 shortbow (weapon)
 g - a +0 club
Missiles
 b - 13 arrows (quivered)
Armour
 c - a +0 ring mail (worn)
Wands
 i - a wand of confusion (21/48)
Scrolls
 d - a scroll of teleportation
 j - a scroll of immolation {unknown}
 l - a scroll of amnesia {unknown}
Potions
 e - 2 potions of heal wounds {unknown}
Comestibles
 f - 2 bread rations
 h - 5 fruits
 k - a slice of pizza


   Skills:
 + Level 3.3 Fighting
 + Level 1.1 Maces & Flails
 - Level 3.6 Bows
 - Level 1.0 Throwing
 - Level 1.0 Armour
 - Level 1.0 Evocations


You had 2 spell levels left.
You didn't know any spells.

Dungeon Overview and Level Annotations

Branches:
Dungeon (3/15)

Altars:
Cheibriados
The Shining One


Innate Abilities, Weirdness & Mutations

You have extremely sharp teeth.
Your natural rate of healing is unusually fast.
When hurt, damage is shared between your health and your magic reserves.
Your bite disrupts and absorbs the magic of your enemies.
Potions and wands cannot restore your health.
You are immune to rotting.


Message History

The arrow barely misses the ball python.
The ball python barely misses you. The ball python constricts you.
The ball python bites you. The ball python constricts you.
Firing (i - inventory):
b - 14 arrows (quivered)
Press: ? - help, Shift-Dir - straight line, f/p - ball python
Aim: a ball python (constricting you)
You shoot an arrow. The arrow hits the ball python!
You kill the ball python!
You have reached level 3!
Your experience leads to an increase in your attributes!
Increase (S)trength, (I)ntelligence, or (D)exterity?
You feel clever.
There is a faded altar of an unknown god here.
You cannot tell which god this altar belongs to.
Convert to them anyway?
Okay, then.
You cannot tell which god this altar belongs to.
Convert to them anyway?
The Shining One accepts your prayer! The Shining One welcomes you!
You and your allies can gain power from killing the unholy and evil.
Are you sure you want to abandon this character and quit the game? (Confirm with "yes".)

######## #......###
#........# #....8...#
#...8.8..# #..8.@.8.#
#####...8.8..##
#........8....#
#...........†.#####
+......(.....†...>#
#............####.#
#........(...##...#
#?...........##.#.######
#............##.#......#


There were no monsters in sight!

Vanquished Creatures
  An adder (D:2)
  A dart slug (D:2)
  A giant cockroach (D:2)
  3 ball pythons
  2 bats (D:2)
  2 giant newts (D:1)
  2 goblins (D:1)
  3 kobolds
  A rat (D:2)
16 creatures vanquished.

Notes
Turn   | Place    | Note
-------+----------+-------------------------------------------
     0 | D:1      | jacquesderrida the Vine Stalker Wanderer began the quest for the Orb.
     0 | D:1      | jacquesderrida set off with: a +2 shortbow, 26 arrows, a +0 ring mail, a scroll of teleportation, a bread ration
     0 | D:1      | Reached XP level 1. HP: 11/11 MP: 2/2
   143 | D:2      | Reached XP level 2. HP: 16/16 MP: 3/3
   155 | D:2      | Found a snail-covered altar of Cheibriados.
   223 | D:2      | Reached skill level 1 in Maces & Flails
   296 | D:2      | Found a faded altar of an unknown god.
   321 | D:2      | Reached XP level 3. HP: 18/20 MP: 4/4
   326 | D:2      | Became a worshipper of the Shining One
   326 | D:2      | Reached * piety under the Shining One
   326 | D:2      | Quit the game

Vault maps used:
D:1:      dpeg_chamrin_arrival_tetris, st_stairs_6, minmay_tromino_mix6
D:2:      lemuel_round_altar, ecumenical_altar_2, kennysheep_generic_room_11
D:3:      nicolae_overflow_hidden_temple, uniq_iyjb

Skill      XL: |  1  2 |
---------------+-------+-----
Fighting       | 3 |  3.3
Maces & Flails | 1 |  1.1
Bows           | |  3.6
Throwing       | |  1.0
Armour         | |  1.0
Evocations     | |  1.0

Action                   || total
-------------------------++-------
 Fire: Shortbow          ||    39
Armor: Ring mail         ||    14
Dodge: Dodged            ||    27
